AoeStats
← Phill chung long

Arabia

508873768Analyzed
1v1 RM · 9d ago on Sep 24, 2026· 30m 10s· 2 players
Game mode
Random Map
Map size
Tiny (2 player)
Population
200
Speed
Normal
Resources
Standard
Victory
Conquest
Starting age
Dark Age
Ending age
Imperial Age
RankedLock teamsTeams togetherTeam positionsShared explorationLock speedFull tech treeHidden civsTurbo modeCheats
Victory
Defeat
🇺🇸 Armenians · United States
953
+16
🇵🇪 Malay · Peru
960
-46
TripleCloth7217
0:33 Loom
11:47 Feudal Age
17:07 Castle Age
18:50 Scale Mail Armor
19:39 Fervor
20:53 Sanctity
21:22 Forging
25:20 Chain Mail Armor
28:46 Iron Casting
Phill chung long
12:02 Feudal Age
11:50 Loom
12:14 Town Watch
15:31 Wheelbarrow
23:47 Castle Age
Connection lost

Rejoining the realm…

Still unreachable

The connection could not be restored.

Session expired

The server has moved on; the page needs a fresh start.